 Dungeon Sprint DCSS version 0.30-a0-534-gdc55766716 (webtiles) character file.

Game seed: 1196259130767700516

1073 rocky1 the Basher (level 8, -6/59 HPs)
             Began as a Gargoyle Fighter on Dec 25, 2022.
             Was an Initiate of Gozag.
             Mangled by an earth elemental (32 damage)
             ... in the Dungeon (Sprint III: "The Ten Rune Challenge").
             The game lasted 00:02:27 (924 turns).

rocky1 the Basher (Gargoyle Fighter)                 Turns: 924, Time: 00:02:28

Health: -6/59      AC: 13    Str: 23    XL:     8   Next: 28%
Magic:  8/8        EV: 10    Int:  8    God:    Gozag
Gold:   268        SH:  5    Dex:  9    Spells: 7/7 levels left

rFire   . . .      SeeInvis .    a - +0 flail
rCold   . . .      Faith    .    c - +0 buckler
rNeg    + . .      Spirit   .    b - +0 scale mail
rPois   ∞          Reflect  .    (no helmet)
rElec   +          Harm     .    (no cloak)
rCorr   .          Rampage  .    (no gloves)
Will    .....      NoTele   +    (no boots) Stlth
                                 (no amulet)
HPRegen 0.29/turn                (no ring)
MPRegen 0.11/turn                (no ring)

@: mighty, gold aura, hasted, very quick
A: sickness immunity, AC +5, negative energy resistance 1, electricity
resistance, torment resistance 1, petrification resistance
a: Renounce Religion, Potion Petition, Call Merchant, Bribe Branch


You were in the Dungeon.
You worshipped Gozag.
Gozag was aware of your devotion.
You visited 1 branch You collected 268 gold pieces.

Inventory:

Hand Weapons
 a - a +0 flail (weapon)
Armour
 b - a +0 scale mail (worn)
 c - a +0 buckler (worn)
Scrolls
 j - a scroll of blinking
 k - a scroll of magic mapping {unknown}
 l - 3 scrolls of poison {unknown}
 m - 2 scrolls of identify {unknown}
Potions
 e - a potion of curing
 f - 4 potions of mutation {unknown}
 h - 2 potions of magic
 n - 3 potions of flight


   Skills:
 + Level 10.6 Fighting
 + Level 11.3 Maces & Flails
 + Level 8.6 Armour
 + Level 3.4 Dodging
 + Level 1.0 Stealth
 + Level 7.2 Shields


You had 7 spell levels left.
You didn't know any spells.
Your spell library contained the following spells:

 Spells                   Type           Power      Damage    Failure   Level
 Ensorcelled Hibernation  Hex/Ice        0%         N/A       88%         2
 Passwall                 Tmut/Erth      0%         N/A       88%         2
 Swiftness                Air            0%         N/A       98%         3


Dungeon Overview and Level Annotations

Branches:
Dungeon (1/1)

Altars:
Cheibriados
Dithmenos
Fedhas
Gozag
Hepliaklqana
Kikubaaqudgha
Makhleb
Nemelex Xobeh
Qazlal
Ru
Sif Muna
Vehumet
Xom
Yredelemnul
Jiyva
Lugonu


Innate Abilities, Weirdness & Mutations

You are immune to sickness and miasma.
Your stone body is resilient. (AC +5)
You are immune to poison.
You resist negative energy. (rN+)
You are resistant to electric shocks. (rElec)
You are resistant to unholy torment.
You are immune to petrification.


Message History

Josephine is severely wounded.
You block Josephine's attack.
You sock Josephine!
Josephine is almost dead.
You thump Josephine!
You kill Josephine!
Your life force feels restored.
Your Fighting skill increases to level 10!
Your Maces & Flails skill gained 3 levels and is now at level 11!
Your Armour skill increases to level 8!
Your Dodging skill increases to level 3!
Your Stealth skill increases to level 1!
Your Shields skill increases to level 7!
You have reached level 8!
You feel stronger.
You enter the shallow water.
Moving in this stuff is going to be slow.
You open the door.
An earth elemental comes into view.
There is an open door here.
You hit the earth elemental.
The earth elemental is lightly damaged.
You hit the earth elemental.
The earth elemental is lightly damaged.
The earth elemental barely misses you.
You thump the earth elemental!
The earth elemental is heavily damaged.
You barely miss the earth elemental.
The earth elemental is heavily damaged.
You sock the earth elemental!
The earth elemental is severely damaged.
You block the earth elemental's attack.
You thump the earth elemental!
The earth elemental is almost destroyed.
You barely miss the earth elemental.
The earth elemental is almost destroyed.
The earth elemental hits you!!
Ouch! That really hurt!
You die...
Your body crumbles into a pile of gold.

#__# $ $ $$ $$
#._#$$ $
#+#+###)##$$ $$
.........#$ $
⌠........# $$ $
..######'#$ $ $
⌠.#__#...#+#######
..#__#...#..~~~'.#
###_v#...#§#~~~#@#
).#__#...'§#.§§#E#
__#__+...#.#.§§#..
▓▓▓▓▓▓▓▓▓▓▓▓▓▓▓▓▓▓▓


You could see an earth elemental.

Vanquished Creatures
  Josephine (D)
  A shadow (D)
  A necrophage (D)
  A water elemental (D)
  A jelly (D)
  A wizard (D)
  Jessica (D)
  A necromancer (D)
  A kobold demonologist (D)
  A human (D)
  A wolf (D)
  An endoplasm (D)
  2 rats (D)
14 creatures vanquished.

Notes
Turn   | Place    | Note
-------+----------+-------------------------------------------
     0 | D        | rocky1 the Gargoyle Fighter began the quest for the Orb.
     0 | D        | Reached XP level 1. HP: 14/14 MP: 1/1
    24 | D        | Noticed Jessica
    33 | D        | Killed Jessica
    34 | D        | Reached skill level 3 in Maces & Flails
    34 | D        | Reached XP level 2. HP: 20/20 MP: 2/2
    34 | D        | Reached XP level 3. HP: 25/25 MP: 3/3
    76 | D        | Reached skill level 5 in Fighting
    76 | D        | Reached skill level 5 in Armour
   151 | D        | Reached skill level 5 in Shields
   151 | D        | Reached XP level 4. HP: 23/31 MP: 4/4
   289 | D        | Noticed a water elemental
   299 | D        | Killed a water elemental
   300 | D        | Reached skill level 5 in Maces & Flails
   300 | D        | Reached skill level 1 in Dodging
   300 | D        | Reached XP level 5. HP: 36/37 MP: 5/5
   399 | D        | Noticed a shadow
   410 | D        | Killed a shadow
   411 | D        | Reached skill level 7 in Maces & Flails
   411 | D        | Reached XP level 6. HP: 5/45 MP: 6/6
   566 | D        | Found a blossoming altar of Fedhas.
   566 | D        | Found a stormy altar of Qazlal.
   566 | D        | Found a snail-covered altar of Cheibriados.
   566 | D        | Found a burning altar of Makhleb.
   566 | D        | Found a shimmering altar of Xom.
   566 | D        | Noticed a spatial vortex
   567 | D        | Found a hazy altar of Hepliaklqana.
   567 | D        | Found an opulent altar of Gozag.
   567 | D        | Found a sparkling altar of Nemelex Xobeh.
   567 | D        | Found a corrupted altar of Lugonu.
   567 | D        | Found a viscous altar of Jiyva.
   572 | D        | Became a worshipper of Gozag Ym Sagoz the Greedy
   680 | D        | Found a basalt altar of Yredelemnul.
   680 | D        | Found a shadowy altar of Dithmenos.
   680 | D        | Found a sacrificial altar of Ru.
   692 | D        | Reached skill level 8 in Maces & Flails
   754 | D        | Found a radiant altar of Vehumet.
   754 | D        | Found a shimmering blue altar of Sif Muna.
   754 | D        | Found an ancient bone altar of Kikubaaqudgha.
   760 | D        | Noticed a chaos spawn
   763 | D        | Reached XP level 7. HP: 51/51 MP: 7/7
   899 | D        | Noticed Josephine
   913 | D        | Killed Josephine
   914 | D        | Reached skill level 10 in Fighting
   914 | D        | Reached skill level 11 in Maces & Flails
   914 | D        | Reached skill level 1 in Stealth
   914 | D        | Reached XP level 8. HP: 24/59 MP: 8/8
   924 | D        | Mangled by an earth elemental

Illustrated notes

Levels and vault maps discovered:
D:        dungeon_sprint_mu [sprint_mu_entry_cave, sprint_mu_temple_rooms,
          sprint_mu_d1_horrors, sprint_mu_d2_genie, sprint_mu_d3_branching,
          sprint_mu_orc_legion, sprint_mu_elf_gauntlet, sprint_mu_hive_nellie,
          sprint_mu_lair_fedhas, sprint_mu_vaults_butterflies,
          sprint_mu_slime_circle, sprint_mu_swamp_cave, sprint_mu_shoals_archi,
          sprint_mu_blade_basic, sprint_mu_crypt_fortress,
          sprint_mu_tomb_spiral, sprint_mu_vestibule_basic,
          sprint_mu_gehenna_hellfire, sprint_mu_dis_giant,
          sprint_mu_tartarus_statrot, sprint_mu_cocytus_islands, sprint_mu_zot1]

Skill      XL: |  1  2  3  4  5  6  7 |
---------------+----------------------+-----
Fighting       | 4 5 6 8 9 10 | 10.6
Maces & Flails | 3 5 7 8 11 | 11.3
Armour         | 4 5 7 8 |  8.6
Shields        | 4 5 6 7 |  7.2
Dodging        | 1 2 3 |  3.4
Stealth        | 1 |  1.0

Action                   |  1- 3 |  4- 6 |  7- 9 || total
-------------------------+-------+-------+-------++-------
Melee: Flail             |    31 |    51 |    17 ||    99
  Use: Potion            |     1 |     1 |     2 ||     4
Armor: Scale mail        |    11 |    14 |     1 ||    26
Dodge: Dodged            |    19 |    11 |     3 ||    33
Block: Buckler           |     4 |     4 |     2 ||    10

Table legend: (Time is in decaauts)
 A = Elapsed time spent in this place.
 B = Non-inter-level travel time spent in this place.
 C = Inter-level travel time spent in this place.
 D = Time resting spent in this place.
 E = Time spent auto-exploring this place.
 F = Levels seen in this place.
 G = Mean time per level.
                   A        B        C        D        E       F      G
               +--------+--------+--------+--------+--------+-----+--------+
         Total |    936 |    936 |      0 |    637 |     25 |   1 |  936.0 |
       Dungeon |    936 |    936 |      0 |    637 |     25 |   1 |  936.0 |
               +--------+--------+--------+--------+--------+-----+--------+

Top non-repeatable levels by time:
       D: 936 daAuts
